 Dungeon Crawl Stone Soup version 0.22.1-1-ga44c0e5 (webtiles) character file.

73 brandon the Cudgeler (level 4, -5/40 HPs)
             Began as a Minotaur Berserker on Sept 30, 2018.
             Was a Believer of Trog.
             Slain by an orc
             ... wielding the +11 dagger of Giossait {pierce, Stlth+}
              (11 damage)
             ... on level 3 of the Dungeon.
             The game lasted 00:05:21 (1633 turns).

brandon the Cudgeler (Minotaur Berserker)           Turns: 1633, Time: 00:05:22

Health: -5/40      AC:  6    Str: 22    XL:     4   Next: 8%
Magic:  3/3        EV: 10    Int:  4    God:    Trog [**....]
Gold:   110        SH:  0    Dex: 10    Spells: 3/3 levels left

rFire    + . .     SeeInvis .   a - +0 mace
rCold    . . .     Gourm    .   (no shield)
rNeg     . . .     Faith    .   n - +0 scale mail {rF+}
rPois    .         Spirit   .   (helmet restricted)
rElec    .         Reflect  .   (no cloak)
rCorr    .         Harm     .   (no gloves)
MR       .....                  (no boots)
Stlth    ..........             (no amulet)
HPRegen  0.13/turn              (no ring)
MPRegen  0.08/turn              (no ring)

@: no status effects
A: retaliatory headbutt, horns 2
a: Berserk, Trog's Hand, Renounce Religion


You were on level 3 of the Dungeon.
You worshipped Trog.
Trog was pleased with you.
You were not hungry.

You visited 1 branch of the dungeon, and saw 3 of its levels.

You collected 110 gold pieces.

Inventory:

Hand Weapons
 a - a +0 mace (weapon)
Missiles
 d - 21 bolts
Armour
 n - a +0 scale mail of fire resistance (worn)
Scrolls
 b - 3 scrolls of teleportation {unknown}
 e - a scroll of remove curse {unknown}
 f - a scroll of immolation {unknown}
 g - a scroll of fog {unknown}
 h - 2 scrolls of enchant armour {unknown}
 i - 4 scrolls of identify
 j - a scroll of magic mapping {unknown}
 l - a scroll of amnesia {unknown}
Potions
 m - a potion of haste {unknown}
Comestibles
 c - 3 rations


   Skills:
 * Level 4.1 Fighting
 * Level 5.1 Maces & Flails
 + Level 2.8 Armour
 + Level 2.6 Dodging
 - Level 0.2 Stealth


You had 3 spell levels left.
You didn't know any spells.
Your spell library was empty.

Dungeon Overview and Level Annotations

Branches:
Dungeon (3/15)

Altars:
Beogh

Annotations:
D:3 bmj180's ghost, amateur DEFE


Innate Abilities, Weirdness & Mutations

You reflexively headbutt those who attack you in melee.
You have a pair of horns on your head.


Message History

As you open the gate, it creaks loudly! Bmj180's ghost casts a spell at you.
The flame tongue hits you! You resist.
You closely miss the orc. You sock the orc!
You kill the orc!
Trog accepts your kill.
The orc hits you with an ichor-stained dagger {pierce}!
You closely miss bmj180's ghost. Your headbutt misses bmj180's ghost.
The orc hits you with an ichor-stained dagger {pierce}!
Bmj180's ghost gestures at you while chanting.
The flame tongue misses you.
You closely miss bmj180's ghost.
The orc hits you with an ichor-stained dagger {pierce}!
* * * LOW HITPOINT WARNING * * *
x2 Bmj180's ghost hits you but does no damage.
Bmj180's ghost hits you.
* * * LOW HITPOINT WARNING * * *
The orc hits you with an ichor-stained dagger {pierce}!
You die...

##.. ... ...# #.# #..#
#.#### #..#
#.##8####### #..#
#....#.....8 # #..#
#....#.(##..
#.##..###....#..#8..
#............#..##..
####..###..@o#o#.... .
#(.# #..oWoo#...[
...####..###....'.#.8._
................'.#...[
..####..#####...#.#....
#..# #...#.. #.. #..#
#...#..# ..
##..#######.#..## #####
.. #......# #.#...
#...##..


You could see bmj180's ghost and 5 orcs.

Vanquished Creatures
  A dart slug (D:1)
  3 leopard geckos (D:3)
  8 orcs (D:3)
  6 goblins
  5 hobgoblins
  13 jackals
  6 kobolds
  3 bats
  2 frilled lizards (D:1)
  5 rats
52 creatures vanquished.

Vanquished Creatures (others)
  5 toadstools (D:1)
5 creatures vanquished.

Grand Total: 57 creatures vanquished

Notes
Turn   | Place    | Note
-------+----------+-------------------------------------------
     0 | D:1      | brandon the Minotaur Berserker began the quest for the Orb.
     0 | D:1      | Reached XP level 1. HP: 19/19 MP: 0/0
   113 | D:1      | Reached XP level 2. HP: 14/27 MP: 1/1
   139 | D:1      | Reached skill level 4 in Maces & Flails
   475 | D:1      | Reached XP level 3. HP: 30/33 MP: 2/2
   703 | D:2      | Reached ** piety under Trog
  1383 | D:3      | Reached skill level 5 in Maces & Flails
  1582 | D:3      | Reached XP level 4. HP: 37/40 MP: 3/3
  1604 | D:3      | Found a runed gate.
  1604 | D:3      | Found a runed gate.
  1605 | D:3      | Found a runed gate.
  1612 | D:3      | Noticed bmj180's ghost (amateur DEFE)
  1617 | D:3      | Found a roughly hewn altar of Beogh.
  1633 | D:3      | Identified the +11 dagger of Giossait {pierce, Stlth+}
  1633 | D:3      | Slain by an orc

Skill      XL: |  1  2  3 |
---------------+----------+-----
Maces & Flails | 4 5 |  5.1
Fighting       | 4 |  4.1
Armour         | |  2.8
Dodging        | |  2.6
Stealth        | |  0.2

Action                   |  1- 3 |  4- 6 || total
-------------------------+-------+-------++-------
Melee: Mace              |    88 |     7 ||    95
       Headbutt          |     7 |       ||     7
  Use: Scroll            |     1 |       ||     1
  Eat: Ration            |     1 |       ||     1
Armor: Animal skin       |    17 |       ||    17
       Scale mail        |    14 |     3 ||    17
Dodge: Dodged            |    69 |     5 ||    74
